 Dungeon Crawl Stone Soup version 0.29.0-4-gdea44cf6ec (webtiles) character file.

Game seed: 12434715685717315207

161 qw the Chopper (level 5, -1/30 HPs)
             Began as a Tengu Warper on Aug 28, 2022.
             Succumbed to a water moccasin's poison
             ... on level 6 of the Dungeon.
             The game lasted 00:00:16 (2579 turns).

qw the Chopper (Tengu Warper)                       Turns: 2579, Time: 00:00:16

Health: -1/30      AC:  7    Str: 13    XL:     5   Next: 42%
Magic:  9/9        EV: 11    Int: 14    God:
Gold:   130        SH:  0    Dex: 13    Spells: 8/8 levels left

rFire   . . .      SeeInvis .   Y - +0 hand axe
rCold   . . .      Faith    .   (no shield)
rNeg    . . .      Spirit   .   h - +0 scale mail
rPois   .          Reflect  .   (helmet restricted)
rElec   .          Harm     .   d - +0 cloak
rCorr   .          Rampage  .   (no gloves)
Will    .....                   (boots unavailable)
Stlth   ..........              (no amulet)
HPRegen 0.10/turn               (no ring)
MPRegen 0.11/turn               (no ring)

@: lethally poisoned (-1 -> -9), weak-willed, flying quickly and evasively,
quick
A: beak, talons 3, nimble flight
a: no special abilities


You were on level 6 of the Dungeon.
You visited 1 branch of the dungeon, and saw 5 of its levels.

You collected 130 gold pieces.


Innate Abilities, Weirdness & Mutations

You have a beak for a mouth.
You have claws for feet.
Your magical nature lets you fly swiftly and evasively.


   Skills:
 - Level 2.0 Fighting
 + Level 6.0 Axes
 - Level 1.0 Throwing
 - Level 1.1 Armour
 - Level 2.1 Dodging
 - Level 2.0 Spellcasting
 - Level 2.4 Translocations


You had 8 spell levels left.
You didn't know any spells.
Your spell library contained the following spells:

 Spells                   Type           Power      Damage    Failure   Level
 Blink                    Tloc           16%        N/A       54%         2
 Gell's Gravitas          Tloc           8%         N/A       78%         3
 Lesser Beckoning         Tloc           8%         N/A       78%         3
 Teleport Other           Tloc           8%         N/A       78%         3
 Manifold Assault         Tloc           8%         N/A       100%        5

Inventory:

Hand Weapons
 j - a +0 whip
 Y - a +0 hand axe (weapon)
Armour
 d - a +0 cloak (worn)
 h - a +0 scale mail (worn)
Scrolls
 a - a scroll of identify
Potions
 c - a potion of might
 e - a potion of ambrosia {unknown}
 g - a potion of berserk rage {unknown}
 k - a potion of flight {unknown}
 l - a potion of brilliance {unknown}

Dungeon Overview and Level Annotations

Branches:
Dungeon (6/15)
 Temple: D:4-7

Altars:


Message History

The water moccasin barely misses you.
You hit the water moccasin. Your kick misses the water moccasin.
Your peck misses the water moccasin.
The water moccasin is severely wounded.
You feel very sick.
The water moccasin closely misses you. x2
You miss the water moccasin.
The water moccasin is severely wounded.
You feel sick. The water moccasin bites you.
You hit the water moccasin but do no damage.
You claw the water moccasin, but do no damage.
The water moccasin is severely wounded.
You feel sick. The water moccasin bites you.
You closely miss the water moccasin. Your kick misses the water moccasin.
The water moccasin is severely wounded.
You feel sick.
The water moccasin bites you but does no damage.
The water moccasin misses you.
You closely miss the water moccasin. Your kick misses the water moccasin.
The water moccasin is severely wounded.
You feel sick. The water moccasin bites you.
You are lethally poisoned!
The water moccasin poisons you!
You closely miss the water moccasin. You peck the water moccasin.
The water moccasin is severely wounded.
You feel very sick.
The water moccasin bites you but does no damage.
The water moccasin closely misses you.
You hit the water moccasin but do no damage.
The water moccasin is severely wounded.
You feel very sick. The water moccasin barely misses you.
You hit the water moccasin.
The water moccasin is almost dead.
You feel sick.
The water moccasin bites you but does no damage.
You barely miss the water moccasin. Your kick misses the water moccasin.
You peck the water moccasin, but do no damage.
The water moccasin is almost dead.
You die...

...........$.....#.#
..............)###.####
=>...........).).......
.............#####.####
............#####.....
#...................
#.................##
##..S....######.#.#
#..@......# ##..#...
#.........# #..#####
#.........###.#####
#.................#
#...................
##................##
##.....###########
#######


You could see a water moccasin.

Vanquished Creatures
  A scorpion (D:5)
  3 adders
  2 worms (D:2)
  3 dart slugs
  3 orcs (D:6)
  4 ball pythons
  4 bats
  4 endoplasms
  2 giant cockroaches (D:1)
  6 goblins
  5 hobgoblins
  4 jackals
  4 kobolds
  4 quokkas
  6 frilled lizards
  4 rats
59 creatures vanquished.

Notes
Turn   | Place    | Note
-------+----------+-------------------------------------------
     0 | D:1      | qw the Tengu Warper began the quest for the Orb.
     0 | D:1      | Reached XP level 1. HP: 12/12 MP: 4/4
     0 | D:1      | 0 ||| qw: Version: 0.1-a-89-g26bdef1
     0 | D:1      | 0 ||| qw: Game counter: 3062
     0 | D:1      | 0 ||| qw: Always use a shield: true
     0 | D:1      | 0 ||| qw: God list: Okawaru
     0 | D:1      | 0 ||| qw: Allow faded altars: false
     0 | D:1      | 0 ||| qw: Do Orc after D:15 true
     0 | D:1      | 0 ||| qw: Do second Lair branch before Depths: true
     0 | D:1      | 0 ||| qw: Lair rune preference: random
     0 | D:1      | 0 ||| qw: Plans: Normal
     0 | D:1      | 0 ||| PLANNING D:1-11
    39 | D:1      | 39 ||| Stepping ~*~*~tactically~*~*~ (stealth).
    41 | D:1      | 41 ||| Stepping ~*~*~tactically~*~*~ (stealth).
   116 | D:1      | Reached XP level 2. HP: 15/17 MP: 6/6
   162 | D:1      | Reached skill level 3 in Axes
   431 | D:1      | 431 ||| DROPPING +0 club.
   749 | D:1      | Reached XP level 3. HP: 21/21 MP: 7/7
   945 | D:1      | 945 ||| Stepping ~*~*~tactically~*~*~ (stealth).
   999 | D:1      | Reached skill level 4 in Axes
  1126 | D:1      | 1126 ||| UPGRADING to +0 cloak.
  1131 | D:1      | 1131 ||| UPGRADING to +0 ring mail.
  1141 | D:1      | 1141 ||| DROPPING +0 leather armour.
  1142 | D:1      | 1142 ||| READING scroll labelled PUONUA WONGUOGE.
  1143 | D:1      | 1143 ||| READING scroll labelled YTWOMI WOBABA.
  1148 | D:1      | 1148 ||| DROPPING scroll of blinking.
  1197 | D:2      | 1197 ||| Stepping ~*~*~tactically~*~*~ (stealth).
  1229 | D:2      | 1229 ||| FLEEEEING.
  1230 | D:2      | 1230 ||| FLEEEEING.
  1231 | D:2      | 1231 ||| FLEEEEING.
  1232 | D:2      | 1232 ||| FLEEEEING.
  1233 | D:2      | 1233 ||| FLEEEEING.
  1234 | D:2      | 1234 ||| FLEEEEING.
  1235 | D:2      | 1235 ||| FLEEEEING.
  1236 | D:2      | 1236 ||| STAIRDANCE
  1409 | D:2      | Reached XP level 4. HP: 24/26 MP: 8/8
  1441 | D:2      | Found a faded altar of an unknown god.
  1448 | D:2      | 1448 ||| Stepping ~*~*~tactically~*~*~ (stealth).
  1707 | D:2      | Reached skill level 5 in Axes
  1709 | D:2      | HP: 6/26 [worm (9)]
  2018 | D:2      | 2018 ||| DRINKING 3 cyan potions.
  2019 | D:2      | 2019 ||| DRINKING 2 glowing black potions.
  2066 | D:2      | 2066 ||| DROPPING potion of lignification.
  2216 | D:3      | You fall into a shaft and drop 3 floors!
  2217 | D:6      | 2217 ||| PLANNING OSSUARY
  2316 | D:6      | Noticed a water moccasin
  2317 | D:6      | 2317 ||| FLEEEEING.
  2318 | D:6      | 2318 ||| FLEEEEING.
  2319 | D:6      | 2319 ||| FLEEEEING.
  2320 | D:6      | 2320 ||| FLEEEEING.
  2321 | D:6      | 2321 ||| FLEEEEING.
  2322 | D:6      | 2322 ||| FLEEEEING.
  2323 | D:6      | 2323 ||| FLEEEEING.
  2324 | D:6      | 2324 ||| FLEEEEING.
  2325 | D:6      | 2325 ||| STAIRDANCE
  2326 | D:5      | Entered Level 5 of the Dungeon
  2326 | D:5      | Noticed a scorpion
  2333 | D:5      | HP: 4/26 [scorpion (3)]
  2334 | D:5      | 2334 ||| DRINKING 2 potions of heal wounds.
  2346 | D:5      | Killed a scorpion
  2347 | D:5      | Reached skill level 6 in Axes
  2347 | D:5      | Gained mutation: Your magical nature lets you fly swiftly
                  | and evasively. [Tengu growth]
  2347 | D:5      | Reached XP level 5. HP: 18/30 MP: 9/9
  2544 | D:5      | 2544 ||| UPGRADING to +0 scale mail.
  2554 | D:5      | 2554 ||| DROPPING +0 ring mail.
  2555 | D:5      | 2555 ||| READING scroll labelled KELUOSM ZUMERR.
  2556 | D:5      | 2556 ||| READING scroll labelled SIRPHE EBLALI.
  2557 | D:5      | 2557 ||| READING 2 scrolls of identify.
  2557 | D:5      | 2557 ||| IDENTIFYING silvery potion
  2568 | D:6      | HP: 5/30 [water moccasin (3)]
  2569 | D:6      | 2569 ||| DRINKING potion of heal wounds.
  2576 | D:6      | HP: 6/30 [poisoned by a water moccasin]
  2578 | D:6      | HP: 1/30 [poisoned by a water moccasin]
  2579 | D:6      | Succumbed to a water moccasin's poison

Levels and vault maps discovered:
D:1:      minmay_arrival_open_corners, layout_loops_ring
D:2:      layout_rooms, ebering_ecumenical_altar_box
D:3:      layout_basic
D:5:      layout_loops_corners, worldfamousw_hep_ancestral_shrine,
          chequers_temple_overflow_minitemple, serial_shops,
          nicolae_square_shop, shop, st_stairs_1, grunt_ministairs_15,
          serial_park_tiny_1
D:6:      layout_rooms, fedhas_altar_fruit_tree, gup_ossuary_entry_pyramid

Skill      XL: |  1  2  3  4 |
---------------+-------------+-----
Axes           | 3 4 6 |  6.0
Fighting       | |  2.0
Throwing       | |  1.0
Armour         | |  1.1
Dodging        | |  2.1
Spellcasting   | |  2.0
Translocations | |  2.4

Action                   |  1- 3 |  4- 6 || total
-------------------------+-------+-------++-------
Melee: Hand axe          |    87 |    74 ||   161
       Kick              |    21 |    17 ||    38
       Peck              |     8 |    10 ||    18
       Punch             |     1 |     1 ||     2
Throw: Boomerang         |     7 |       ||     7
  Use: Scroll            |     2 |     3 ||     5
       Potion            |       |     4 ||     4
Armor: Leather armour    |     6 |       ||     6
       Ring mail         |    21 |    12 ||    33
       Scale mail        |       |     6 ||     6
Dodge: Dodged            |    49 |    46 ||    95

Table legend:
 A = Non-vault XP
 B = Vault XP
 C = Vault XP percentage of total XP
 D = Non-vault monster count
 E = Vault monster count
 F = Vault count percentage of total count
                 A         B        C        D         E       F
            +---------+---------+-------+---------+---------+-------
      Total |     231 |       0 |   0.0 |      59 |       0 |   0.0
            +---------+---------+-------+---------+---------+-------
        D:1 |      47 |       0 |   0.0 |      26 |       0 |   0.0
        D:2 |      74 |       0 |   0.0 |      25 |       0 |   0.0
        D:3 |       5 |       0 |   0.0 |       3 |       0 |   0.0
        D:5 |      83 |       0 |   0.0 |       1 |       0 |   0.0
        D:6 |      22 |       0 |   0.0 |       4 |       0 |   0.0
            +---------+---------+-------+---------+---------+-------
